[Event "Titled Tuesday Blitz June 28 Early 2022"]
[White "Thorhallsson, Simon"]
[Black "Silva Lucena, Cristian"]
[WhiteFideId "2310090"]
[BlackFideId "2232588"]
[WhiteElo "2137"]
[BlackElo "2223"]
[Result "1-0"]
[Round "10"]
[TimeControl "180+1"]
[Date "2022.06.28"]
[WhiteClock "0:00:06"]
[BlackClock "0:00:11"]

1. e4 c5 2. Nf3 d6 3. d4 cxd4 4. Nxd4 Nf6 5. Nc3 e6 6. g3 Be7 7. Bg2 O-O 8. O-O Nc6 9. Be3 Nxd4 10. Bxd4 e5 11. Be3 h6 12. Nd5 Nxd5 13. exd5 Bg5 14. Qd2 Bxe3 15. Qxe3 Qb6 16. Qxb6 axb6 17. c4 Bd7 18. Rfc1 f5 19. Rc3 Rfc8 20. Rb3 Ra6 21. Bf1 Rc5 22. Re3 Ra4 23. a3 Kf7 24. Rb3 Ra6 25. Re3 Ra7 26. Rae1 g5 27. f4 e4 28. Rb3 Ra6 29. Kf2 Kf6 30. Ke3 Be8 31. Kd4 Bd7 32. Rb4 g4 33. Re3 Ba4 34. Be2 h5 35. Rc3 Kg6 36. Ke3 h4 37. Kd2 Kh5 38. Bd1 Bxd1 39. Kxd1 hxg3 40. hxg3 Kg6 41. Kd2 Kf6 42. Ke3 b5 43. Rxb5 Rxb5 44. cxb5 Ra8 45. Rc7 Rh8 46. Rxb7 Rh3 47. Kf2 Rh2+ 48. Kf1 Rxb2 49. b6 e3 50. Rb8 Ke7 51. b7 Kd7 52. Rh8 Kc7 53. b8=Q+ Rxb8 54. Rxb8 Kxb8 55. Ke2 Kc7 56. Kxe3 Kb6 57. Kd3 Kb5 58. Kc3 Kc5 59. a4 Kxd5 60. a5 Kc5 61. a6 Kb6 62. Kc4 Kxa6 63. Kd5 Kb5 64. Kxd6 Kc4 65. Ke5 Kd3 66. Kxf5 Ke3 67. Kxg4 1-0


[Site "https://www.chess.com"]

[Event "Titled Tuesday Blitz June 28 Early 2022"]
[White "Vainio, Ville"]
[Black "Bintang, Rasyid A. Hidayat"]
[WhiteFideId "507270"]
[BlackFideId "7105355"]
[WhiteElo "2242"]
[BlackElo "2374"]
[Result "0-1"]
[Round "10"]
[TimeControl "180+1"]
[Date "2022.06.28"]
[WhiteClock "0:00:04"]
[BlackClock "0:00:20"]

1. e4 g6 2. d4 Bg7 3. Nc3 d6 4. Bg5 c5 5. Nf3 cxd4 6. Nxd4 Nc6 7. Be3 Nf6 8. Be2 O-O 9. O-O d5 10. exd5 Nxd5 11. Nxd5 Qxd5 12. Bf3 Qa5 13. Nxc6 bxc6 14. c3 Rb8 15. Qc1 Ba6 16. Re1 c5 17. Bf4 e5 18. Bxe5 Bxe5 19. Rxe5 Qb6 20. b3 c4 21. b4 Qf6 22. Qe3 Rfd8 23. Re1 Rd3 24. Qxa7 Rbd8 25. Re8+ Kg7 26. Rxd8 Rxd8 27. a4 Qxc3 28. Qe3 Qxb4 29. Qe5+ Kg8 30. Bd5 Qxa4 31. Qf6 Rf8 32. h4 Qd7 33. Bxf7+ Qxf7 34. Qxa6 Qxf2+ 35. Kh2 Qxe1 0-1


[Site "https://www.chess.com"]

[Event "Titled Tuesday Blitz June 28 Early 2022"]
[White "Valle Maytin, Luis Enrique"]
[Black "Gueci, Tea"]
[WhiteFideId "3503666"]
[BlackFideId "872342"]
[WhiteElo "2327"]
[BlackElo "2142"]
[Result "0-1"]
[Round "10"]
[TimeControl "180+1"]
[Date "2022.06.28"]
[WhiteClock "0:01:26"]
[BlackClock "0:00:57"]

1. e4 c5 2. Nf3 e6 3. d4 cxd4 4. Nxd4 Nf6 5. Nc3 d6 6. a3 Nc6 7. Be3 Be7 8. g4 Nxd4 9. Bxd4 e5 10. Be3 Bxg4 11. f3 Be6 12. Bb5+ Bd7 13. Bc4 a6 14. Qd2 b5 15. Bb3 Be6 16. Bd5 Bxd5 17. exd5 Rc8 18. Bg5 Nh5 19. Bxe7 Qxe7 20. O-O-O Nf4 21. Ne4 f5 22. Ng3 O-O 23. Rhe1 Rc7 24. c3 a5 25. Kb1 g6 26. Rg1 Rc5 27. Qe3 b4 28. cxb4 axb4 29. axb4 Rb5 30. Qc3 Qf7 31. Qc6 Rxd5 32. Rxd5 Qxd5 33. Qxd5+ Nxd5 34. Rd1 Nxb4 35. Rxd6 Rc8 36. Ne2 Rc5 37. Nc3 Kg7 38. Rb6 Nc6 39. Na4 Ra5 40. Nc3 Nd4 41. f4 exf4 42. b4 Re5 43. Rd6 Nb5 44. Nd5 Rxd5 0-1


[Site "https://www.chess.com"]

[Event "Titled Tuesday Blitz June 28 Early 2022"]
[White "Vianello, Enrico"]
[Black "Mosutha, Thuso"]
[WhiteFideId "810738"]
[BlackFideId "11302550"]
[WhiteElo "2259"]
[BlackElo "2028"]
[Result "0-1"]
[Round "10"]
[TimeControl "180+1"]
[Date "2022.06.28"]
[WhiteClock "0:00:18"]
[BlackClock "0:01:15"]

1. Nf3 Nf6 2. g3 d5 3. Bg2 Bf5 4. O-O e6 5. d4 h6 6. c4 c6 7. Nc3 Be7 8. b3 O-O 9. a4 Nbd7 10. Ba3 Bxa3 11. Rxa3 Qe7 12. Ra2 dxc4 13. bxc4 Nb6 14. Qb3 Rfd8 15. a5 Nc8 16. Rb2 Rb8 17. Ne5 Nd6 18. Qa3 Qc7 19. e3 Nd7 20. Nxd7 Rxd7 21. Rb4 Bd3 22. Rc1 Nxc4 23. Qa2 Nxa5 24. Ra1 b6 25. Rc1 Qd6 26. Ra4 c5 27. Ne4 Bxe4 28. Bxe4 cxd4 29. Rxd4 Qe7 30. Rxd7 Qxd7 31. Qc2 Nb7 32. Qc7 Qxc7 33. Rxc7 Nc5 34. Bc2 a5 35. Kf1 a4 36. Ke1 Ra8 37. Kd1 a3 38. Bb1 a2 39. Bxa2 Rxa2 40. Rc8+ Kh7 41. Rb8 Rxf2 0-1


[Site "https://www.chess.com"]

[Event "Titled Tuesday Blitz June 28 Early 2022"]
[White "Vlassov, Nikolai"]
[Black "Shuvalov, Evgenij"]
[WhiteFideId "4103360"]
[BlackFideId "4187237"]
[WhiteElo "2407"]
[BlackElo "2023"]
[Result "1/2-1/2"]
[Round "10"]
[TimeControl "180+1"]
[Date "2022.06.28"]
[WhiteClock "0:01:23"]
[BlackClock "0:01:06"]

1. e4 e6 2. d4 d5 3. exd5 exd5 4. Nf3 Nf6 5. c4 Be7 6. Bd3 dxc4 7. Bxc4 O-O 8. O-O Nbd7 9. Nc3 Nb6 10. Bb3 c6 11. Ne5 Nbd5 12. f4 Be6 13. f5 Nxc3 14. bxc3 Bxb3 15. Qxb3 Qc7 16. Bf4 Bd6 17. Rae1 Rae8 18. h3 Nd5 19. Bd2 Bxe5 20. dxe5 Rxe5 21. Rxe5 Qxe5 22. Qxb7 Nxc3 23. Bxc3 Qxc3 24. Qxa7 Re8 25. f6 Qe3+ 26. Qxe3 Rxe3 27. fxg7 Kxg7 28. Rf3 Re1+ 29. Kf2 Ra1 30. Ra3 Kf6 31. Ke3 Ke5 32. Ra5+ Kd6 33. Kd4 c5+ 34. Kc3 Kd5 35. Ra7 Rg1 36. Rxf7 Rxg2 37. Rxh7 Rxa2 38. Rh5+ Kc6 39. h4 Kb5 40. Rh8 Ra3+ 41. Kb2 Rh3 42. h5 Kb4 43. h6 Rh2+ 44. Kc1 Kc3 45. Kd1 c4 46. h7 Rh6 47. Ke2 Kc2 48. Kf3 c3 49. Kg4 Rh1 50. Kg5 Rg1+ 51. Kh6 Rh1+ 52. Kg6 Rg1+ 53. Kh6 Rh1+ 54. Kg6 Rg1+ 55. Kh6 1/2-1/2


[Site "https://www.chess.com"]

[Event "Titled Tuesday Blitz June 28 Early 2022"]
[White "Weishaeutel, Moritz"]
[Black "Navarrete Mendez, Gonzalo Alberto"]
[WhiteFideId "12967300"]
[BlackFideId "5106850"]
[WhiteElo "2002"]
[BlackElo "2261"]
[Result "1-0"]
[Round "10"]
[TimeControl "180+1"]
[Date "2022.06.28"]
[WhiteClock "0:00:34"]
[BlackClock "0:00:10"]

1. e4 e5 2. Nf3 Nc6 3. Nc3 Nf6 4. a3 d5 5. Bb5 Nxe4 6. Qe2 Qd6 7. Nxe4 dxe4 8. Qxe4 Bd7 9. d4 O-O-O 10. dxe5 Nxe5 11. Bxd7+ Rxd7 12. O-O Nxf3+ 13. Qxf3 Qd5 14. Qg3 Bd6 15. Bf4 Bxf4 16. Qxf4 Qd2 17. Qe4 Qd4 18. Qf3 Qd5 19. Qg3 Qd6 20. Qxg7 Rhd8 21. Qxh7 Qe5 22. c3 Rh8 23. Rae1 Qf6 24. Qe4 Rd2 25. Re2 Qh6 26. h3 Rd6 27. Qf5+ Kb8 28. Rfe1 Rdd8 29. Qxf7 a6 30. Re8 Rhxe8 31. Rxe8 Qc1+ 32. Kh2 Rxe8 33. Qxe8+ Ka7 34. Qe3+ Qxe3 35. fxe3 1-0


[Site "https://www.chess.com"]

[Event "Titled Tuesday Blitz June 28 Early 2022"]
[White "Yang, Kaiqi"]
[Black "Mogirzan, Matei-Valeriu"]
[WhiteFideId "8604398"]
[BlackFideId "1257455"]
[WhiteElo "2373"]
[BlackElo "1733"]
[Result "0-1"]
[Round "10"]
[TimeControl "180+1"]
[Date "2022.06.28"]
[WhiteClock "0:00:10"]
[BlackClock "0:00:07"]

1. d4 Nf6 2. c4 Nc6 3. d5 Nb8 4. Nc3 d6 5. e4 g6 6. Be2 Bg7 7. Nf3 Bg4 8. Nd2 Bxe2 9. Qxe2 Nbd7 10. O-O a5 11. b3 Nc5 12. Bb2 O-O 13. Rab1 e5 14. a3 Nh5 15. g3 Qg5 16. Kh1 f5 17. b4 Nd7 18. Nb5 Rac8 19. exf5 gxf5 20. f4 Qh6 21. Qf3 Ndf6 22. Rg1 Ng4 23. Nf1 c6 24. dxc6 bxc6 25. Na7 e4 26. Qd1 Nf2+ 27. Kg2 Nxd1 28. Rxd1 Rc7 29. Bxg7 Qxg7 30. Ne3 Nxf4+ 31. Kh1 Nh3 32. Rgf1 Rxa7 33. Rxd6 Raf7 34. Rxc6 f4 35. Nd5 fxg3 36. Rxf7 Qxf7 37. Rf6 Qxf6 38. Nxf6+ Rxf6 39. hxg3 e3 40. Kg2 e2 41. Kxh3 e1=Q 42. c5 Qe6+ 43. Kg2 Qe4+ 0-1


[Site "https://www.chess.com"]

[Event "Titled Tuesday Blitz June 28 Early 2022"]
[White "Yoo, Christopher Woojin"]
[Black "Seo, Jung Min"]
[WhiteFideId "30909694"]
[BlackFideId "1734687"]
[WhiteElo "2105"]
[BlackElo "2414"]
[Result "1-0"]
[Round "10"]
[TimeControl "180+1"]
[Date "2022.06.28"]
[WhiteClock "0:00:05"]
[BlackClock "0:00:02"]

1. e4 e5 2. Nf3 Nc6 3. Bb5 Nf6 4. d4 exd4 5. O-O a6 6. Ba4 b5 7. Bb3 Nxe4 8. Re1 d5 9. Nxd4 Nxd4 10. Qxd4 Be6 11. Nc3 c5 12. Qxd5 Bxd5 13. Bxd5 Be7 14. Bxe4 Ra7 15. Bc6+ Kf8 16. Bf4 Bf6 17. Rad1 Bd4 18. Bd6+ Kg8 19. Re8+ Qxe8 20. Bxe8 g6 21. Ne4 Kg7 22. Bc6 Bxb2 23. c3 Rc8 24. Bxc5 Rac7 25. Bd4+ Kf8 26. Bd5 b4 27. c4 Bxd4 28. Rxd4 a5 29. Kf1 a4 30. Rd3 Rxc4 31. Bxc4 Rxc4 32. f3 Rc2 33. Rd2 b3 34. axb3 axb3 35. Rd1 b2 36. Ke1 Rxg2 37. Nd2 Rxh2 38. Rb1 Rh1+ 39. Nf1 Rh3 40. Kf2 Rh5 41. Rxb2 Re5 42. Ne3 h5 43. f4 Re4 44. Kf3 Re8 45. Rb7 Kg7 46. Nc4 Kf8 47. Ne5 Re7 48. Rb8+ Kg7 49. Rb6 Kf8 50. Nc4 Kg7 51. Ne3 Re6 52. Rb7 Kf8 53. Nc4 Re7 54. Rb5 Kg7 55. Ne3 Re6 56. Rg5 Kh6 57. Rg1 Kh7 58. Nc4 Re7 59. Nd6 Kg8 60. Ne4 Re6 61. f5 Re5 62. f6 Rf5+ 63. Ke3 Kh7 64. Ra1 g5 65. Ra7 Kg6 66. Ra8 g4 67. Rg8+ Kh6 68. Kd4 Rf4 69. Ke5 Rf3 70. Nd6 Re3+ 71. Kd4 Rf3 72. Nxf7+ Kh7 73. Rg7# 1-0


[Site "https://www.chess.com"]

[Event "Titled Tuesday Blitz June 28 Early 2022"]
[White "Adla, Diego"]
[Black "Jovic, Stanoje"]
[WhiteFideId "100072"]
[BlackFideId "905020"]
[WhiteElo "2377"]
[BlackElo "2286"]
[Result "1-0"]
[Round "11"]
[TimeControl "180+1"]
[Date "2022.06.28"]
[WhiteClock "0:00:59"]
[BlackClock "0:00:17"]

1. c4 e5 2. Nc3 Nf6 3. Nf3 Nc6 4. e4 Bb4 5. d3 O-O 6. Be2 d6 7. O-O Bxc3 8. bxc3 Bg4 9. Ne1 Bxe2 10. Qxe2 Re8 11. Nc2 h6 12. f4 exf4 13. Bxf4 d5 14. cxd5 Nxd5 15. Bxh6 gxh6 16. Qg4+ Qg5 17. Qxg5+ hxg5 18. exd5 Ne5 19. Rf5 g4 20. Raf1 Re7 21. Nd4 Rd8 22. Rg5+ Ng6 23. c4 Re3 24. Rxg4 Rxd3 25. h4 Kh8 26. Rf5 c6 27. h5 cxd5 28. hxg6 fxg6 29. Rxg6 Kh7 30. Rg4 dxc4 31. Rh5# 1-0


[Site "https://www.chess.com"]

[Event "Titled Tuesday Blitz June 28 Early 2022"]
[White "Agasarov, Benik"]
[Black "Plazuelo Pascual, Juan"]
[WhiteFideId "13314823"]
[BlackFideId "32059566"]
[WhiteElo "2696"]
[BlackElo "2359"]
[Result "0-1"]
[Round "11"]
[TimeControl "180+1"]
[Date "2022.06.28"]
[WhiteClock "0:00:07"]
[BlackClock "0:00:05"]

1. e4 c5 2. Nf3 Nc6 3. Bb5 e6 4. O-O Nge7 5. d4 cxd4 6. Nxd4 Qb6 7. Nxc6 bxc6 8. Be2 Ng6 9. c4 Be7 10. Nc3 O-O 11. b3 Rd8 12. Be3 Qc7 13. Rc1 Nf4 14. Qd2 e5 15. g3 Ne6 16. Bg4 d6 17. f4 Bf6 18. Bxe6 fxe6 19. f5 exf5 20. exf5 Qa5 21. Bg5 Bxg5 22. Qxg5 h6 23. Qg6 Qc7 24. Rcd1 d5 25. f6 Qf7 26. Qxf7+ Kxf7 27. cxd5 gxf6 28. dxc6 Bh3 29. Rxd8 Rxd8 30. Rc1 a6 31. Ne4 Ke6 32. c7 Rc8 33. Nc5+ Kd6 34. Nxa6 Bf5 35. b4 Bd3 36. Nc5 Bg6 37. Nb7+ Kd7 38. Nc5+ Kd6 39. Rf1 f5 40. Na6 f4 41. gxf4 Bd3 42. fxe5+ Kxe5 43. Nc5 Bxf1 44. Kxf1 Rxc7 45. a4 Kd5 46. a5 Kc4 47. Ke2 Re7+ 48. Kd2 Kxb4 49. Nd3+ Kxa5 50. Nf4 Kb5 51. Kd3 Kc5 52. Ng6 Re8 53. h4 Kd5 54. Nf4+ Kd6 55. Kd4 Re1 56. Ng6 Ke6 57. Nf4+ Kf5 58. Ng2 Re8 59. Ne3+ Kf4 60. Nd5+ Kf5 61. Ne3+ Kg6 62. Ng4 Re1 63. Ne3 Kh5 64. Kd3 Ra1 65. Ng2 Ra4 66. Ke3 Kg4 67. Kf2 Ra3 68. Ke2 h5 69. Kf2 Ra2+ 70. Kf1 Kg3 71. Ne3 Kxh4 72. Nd5 Kg5 73. Nc3 Ra1+ 74. Kg2 Rc1 75. Nd5 h4 76. Kh3 Rd1 77. Nc7 Rd6 78. Nb5 Rd3+ 79. Kh2 Kf4 80. Na7 Ke5 81. Nc6+ Kf4 82. Ne7 Kg4 83. Nc6 Rd2+ 84. Kg1 Kg3 85. Kf1 h3 86. Ke1 Rd6 87. Nd4 Rxd4 88. Ke2 Rf4 0-1


[Site "https://www.chess.com"]

[Event "Titled Tuesday Blitz June 28 Early 2022"]
[White "Andreikin, Dmitry"]
[Black "Nakamura, Hikaru"]
[WhiteFideId "4158814"]
[BlackFideId "2016192"]
[WhiteElo "2736"]
[BlackElo "2850"]
[Result "1/2-1/2"]
[Round "11"]
[TimeControl "180+1"]
[Date "2022.06.28"]
[WhiteClock "0:00:06"]
[BlackClock "0:00:06"]

1. d4 Nf6 2. c4 e6 3. Nc3 Bb4 4. Nf3 O-O 5. e3 c5 6. Bd3 d5 7. cxd5 exd5 8. O-O cxd4 9. Nxd4 Nc6 10. Nce2 Bg4 11. f3 Bh5 12. a3 Bd6 13. Nf5 Bc7 14. Bd2 Bg6 15. Bc3 Re8 16. Ned4 Bb6 17. Qd2 Ne5 18. Rad1 a6 19. Rfe1 Qd7 20. Bb1 Rac8 21. Qf2 Nc4 22. g4 Nxa3 23. Nxg7 Nxb1 24. Nxe8 Nxe8 25. Rxb1 Bxb1 26. Rxb1 Nd6 27. Qh4 Bd8 28. Qh6 f6 29. Rd1 Qe7 30. Bb4 Nf7 31. Bxe7 Nxh6 32. Bxd8 Rxd8 33. Ne6 Re8 34. Nf4 Rxe3 35. Kf2 Rb3 36. Rd2 d4 37. Ne6 d3 38. Nc5 Rb5 39. Nxd3 Nf7 40. Nf4 f5 41. Ne6 fxg4 42. fxg4 Ne5 43. h3 Kf7 44. Nd4 Rxb2 45. Rxb2 Nd3+ 46. Ke3 Nxb2 47. Nf5 Ke6 48. Kd4 Nd1 49. h4 Nf2 50. Ne3 a5 51. g5 Nh3 52. Nd5 a4 53. Nf6 h6 54. Ne4 h5 55. Nc5+ Kf5 56. Nxa4 Nf4 57. Nc5 b5 58. Ne4 Ne6+ 59. Ke3 b4 60. Ng3+ Kg4 61. Nxh5 Kxh5 62. Kd3 Kxh4 63. Kc4 b3 64. Kxb3 Ng7 65. g6 Kh5 66. Kc4 Kxg6 1/2-1/2


[Site "https://www.chess.com"]

[Event "Titled Tuesday Blitz June 28 Early 2022"]
[White "Antonio, Jorge Carlos"]
[Black "Petrova, Irina"]
[WhiteFideId "113190"]
[BlackFideId "14124122"]
[WhiteElo "2247"]
[BlackElo "1993"]
[Result "1-0"]
[Round "11"]
[TimeControl "180+1"]
[Date "2022.06.28"]
[WhiteClock "0:00:06"]
[BlackClock "0:00:35"]

1. e4 d6 2. d4 Nf6 3. Nc3 e5 4. dxe5 dxe5 5. Qxd8+ Kxd8 6. Bc4 Ke8 7. Nf3 Bd6 8. Bg5 Nbd7 9. Nb5 Ke7 10. Nd2 a6 11. Nxd6 cxd6 12. a4 h6 13. Be3 Nc5 14. f3 Be6 15. Bxc5 dxc5 16. Bxe6 Kxe6 17. Nc4 b5 18. Ne3 g6 19. Ke2 Rhd8 20. Rhd1 Rxd1 21. Nxd1 b4 22. Ne3 Rd8 23. c3 bxc3 24. bxc3 Rb8 25. Nc4 Rb3 26. Kd3 Ne8 27. Kc2 Rb8 28. Rd1 f6 29. Rd5 Rc8 30. a5 Rc6 31. Rd8 Nd6 32. Kb3 Nb5 33. Ra8 h5 34. Nb6 Nc7 35. Rc8 Kd6 36. Rg8 g5 37. Rg7 Ke6 38. Nc8 f5 39. Rg6+ Kd7 40. Rxg5 fxe4 41. Nb6+ Kd6 42. fxe4 c4+ 43. Nxc4+ Kc5 44. Nxe5 Re6 45. Nd3+ Kd6 46. Rd5+ Nxd5 47. exd5 Kxd5 48. Nf4+ Ke5 49. Nxe6 Kxe6 50. Kc4 Kd6 51. Kd4 h4 52. g3 h3 53. g4 Ke6 54. g5 Kf5 55. Kc5 Kxg5 56. Kb6 Kf4 57. c4 Kf3 58. c5 Kg2 59. c6 Kxh2 60. c7 Kg1 61. c8=Q h2 62. Qg4+ Kh1 63. Qh4 Kg1 64. Qxh2+ Kxh2 65. Kxa6 1-0


[Site "https://www.chess.com"]

[Event "Titled Tuesday Blitz June 28 Early 2022"]
[White "Aradhya, Garg"]
[Black "Rychagov, Andrey"]
[WhiteFideId "25006746"]
[BlackFideId "4119932"]
[WhiteElo "2203"]
[BlackElo "2460"]
[Result "1-0"]
[Round "11"]
[TimeControl "180+1"]
[Date "2022.06.28"]
[WhiteClock "0:00:56"]
[BlackClock "0:00:39"]

1. d4 d5 2. c4 e6 3. Nc3 Be7 4. cxd5 exd5 5. Bf4 c6 6. e3 Bd6 7. Bxd6 Qxd6 8. Bd3 Ne7 9. Qf3 b6 10. Nge2 Ba6 11. Bxa6 Nxa6 12. O-O O-O 13. Nf4 Nc7 14. Rfc1 Ne6 15. Nd3 c5 16. dxc5 bxc5 17. Qg3 Qxg3 18. hxg3 Rab8 19. b3 d4 20. Nd1 Rfc8 21. Rc4 Nd5 22. Rac1 dxe3 23. Nxe3 Nxe3 24. fxe3 Re8 25. Nxc5 Nxc5 26. Rxc5 h6 27. Kf2 Rb6 28. Ra5 Rf6+ 29. Ke2 Rg6 30. Rxa7 Rxg3 31. Rcc7 Rgxe3+ 32. Kf2 Re2+ 33. Kg1 Re1+ 34. Kh2 Rf1 35. Re7 Rd8 36. Rad7 Rc8 37. Rc7 Ra8 38. Ra7 Rd8 39. Rad7 Rxd7 40. Rxd7 Rb1 41. Rb7 h5 42. a4 Ra1 43. Rb5 g6 44. a5 Kg7 45. b4 h4 46. Kh3 Rh1+ 47. Kg4 Kh6 48. a6 f5+ 49. Kf3 1-0


[Site "https://www.chess.com"]

[Event "Titled Tuesday Blitz June 28 Early 2022"]
[White "Ardila, Oscar Humberto"]
[Black "Ghazarian, Kirk"]
[WhiteFideId "4404742"]
[BlackFideId "30908604"]
[WhiteElo "1956"]
[BlackElo "2003"]
[Result "0-1"]
[Round "11"]
[TimeControl "180+1"]
[Date "2022.06.28"]
[WhiteClock "0:00:56"]
[BlackClock "0:01:38"]

1. d4 d5 2. c4 c6 3. cxd5 cxd5 4. Nc3 Nf6 5. Nf3 g6 6. Bf4 Bg7 7. e3 O-O 8. Be2 Nc6 9. O-O a6 10. h3 b5 11. Rc1 Bb7 12. a4 b4 13. Nb1 Rc8 14. Nbd2 Ne4 15. Nb3 Na5 16. Nxa5 Qxa5 17. Rxc8 Rxc8 18. Ne5 Bxe5 19. Bxe5 Bc6 20. b3 Bd7 21. Qd3 Rc3 22. Qxa6 Qxa6 23. Bxa6 Rxb3 24. Bb5 Bf5 25. g4 Be6 26. Rc1 Nc3 27. Kg2 f6 28. Bf4 Ra3 29. Bh6 Kf7 30. Kg3 Nxa4 31. Rc8 Bxc8 0-1


[Site "https://www.chess.com"]

[Event "Titled Tuesday Blitz June 28 Early 2022"]
[White "Arias, Juan Cruz"]
[Black "Nenezic, Marko"]
[WhiteFideId "118540"]
[BlackFideId "912123"]
[WhiteElo "2091"]
[BlackElo "2432"]
[Result "1/2-1/2"]
[Round "11"]
[TimeControl "180+1"]
[Date "2022.06.28"]
[WhiteClock "0:00:22"]
[BlackClock "0:01:06"]

1. e4 c5 2. Nf3 d6 3. d4 cxd4 4. Nxd4 Nf6 5. Nc3 a6 6. g3 e5 7. Nde2 Be6 8. Bg2 Nbd7 9. f4 exf4 10. gxf4 Bg4 11. Be3 Be7 12. h3 Bh5 13. Qd2 b5 14. Ng3 Rc8 15. Nd5 Nxd5 16. Nxh5 Nxe3 17. Qxe3 Bh4+ 18. Kf1 O-O 19. c3 Nf6 20. Bf3 Nxh5 21. Bxh5 g6 22. Bf3 Re8 23. Kg2 b4 24. Rad1 bxc3 25. bxc3 Qa5 26. Rxd6 Rxc3 27. Qe2 Rec8 28. Rhd1 Qc7 29. e5 Qc5 30. e6 Rc2 31. exf7+ Kxf7 32. R1d2 Qxd6 33. Rxc2 Rxc2 34. Qxc2 Qxf4 35. Qb3+ Kg7 36. Kf1 Qd2 37. Kg1 Qf2+ 38. Kh1 Bg3 39. Qc3+ Kh6 40. Qc1+ Kg7 41. Qc3+ Kf7 42. Bd5+ Ke7 43. Qb4+ Kf6 44. Qc3+ Kg5 45. Qc1+ Bf4 46. Qg1+ Qxg1+ 47. Kxg1 Kf6 48. Kg2 Ke5 49. Bb3 a5 50. Kf3 Bc1 51. Bg8 h6 52. Bh7 g5 53. a4 Kd4 54. Bg6 1/2-1/2


[Site "https://www.chess.com"]

[Event "Titled Tuesday Blitz June 28 Early 2022"]
[White "Barria Zuniga, Daniel"]
[Black "Ajay Krishna, S"]
[WhiteFideId "3400816"]
[BlackFideId "5096430"]
[WhiteElo "2414"]
[BlackElo "2247"]
[Result "0-1"]
[Round "11"]
[TimeControl "180+1"]
[Date "2022.06.28"]
[WhiteClock "0:00:06"]
[BlackClock "0:00:28"]

1. d4 d5 2. c4 e6 3. Nf3 Nf6 4. Nc3 Bb4 5. Qa4+ Nc6 6. e3 O-O 7. Bd2 a6 8. Rd1 Be7 9. a3 dxc4 10. Bxc4 Rb8 11. Qc2 b5 12. Bd3 b4 13. Ne4 Bd7 14. Nxf6+ Bxf6 15. Bxh7+ Kh8 16. Be4 b3 17. Qc4 Ne7 18. Qxa6 Bb5 19. Qa5 Nd5 20. Rc1 Qd7 21. Bxd5 Qxd5 22. Rc5 Qe4 23. Rxb5 Rxb5 24. Qxb5 Qb1+ 25. Ke2 Qxh1 26. g4 Qg2 27. g5 Be7 28. h4 f6 29. Qd7 fxg5 30. Qxe7 Qxf3+ 31. Kd3 gxh4 32. Qxh4+ Kg8 33. Qe7 Qf5+ 34. e4 Qf3+ 35. Be3 Qd1+ 36. Kc3 Qc2+ 37. Kb4 Rb8+ 38. Ka5 Qc6 39. d5 Qa8+ 0-1


[Site "https://www.chess.com"]

[Event "Titled Tuesday Blitz June 28 Early 2022"]
[White "Begunov, Konstantin"]
[Black "Nunez V, Gustavo Eduardo"]
[WhiteFideId "4118510"]
[BlackFideId "4403690"]
[WhiteElo "2262"]
[BlackElo "2228"]
[Result "1-0"]
[Round "11"]
[TimeControl "180+1"]
[Date "2022.06.28"]
[WhiteClock "0:00:15"]
[BlackClock "0:00:02"]

1. d4 Nf6 2. c4 g6 3. f3 Bg7 4. e4 d6 5. Nc3 c5 6. dxc5 dxc5 7. Qxd8+ Kxd8 8. Bf4 Nc6 9. O-O-O+ Nd4 10. Be5 Nh5 11. Bxg7 Nxg7 12. e5 Ke8 13. Nge2 Ngf5 14. Nxd4 Nxd4 15. Bd3 Be6 16. Be4 Rb8 17. Bd5 Bxd5 18. Nxd5 e6 19. Nc7+ Ke7 20. Nb5 Rhd8 21. Nxa7 Ra8 22. Nb5 Rxa2 23. Kb1 Ra5 24. Nd6 Rxd6 25. exd6+ Kxd6 26. Rhe1 f6 27. Re3 Ra4 28. Rc1 e5 29. Ra3 Rxa3 30. bxa3 f5 31. Re1 Ne6 32. Kc2 Nf4 33. g3 Ne6 34. Kd3 Ng5 35. Ke3 Ne6 36. Rb1 Kc6 37. Rd1 Nd4 38. g4 b6 39. gxf5 gxf5 40. Rg1 Nc2+ 41. Kd3 Nxa3 42. Rg7 b5 43. cxb5+ Nxb5 44. Rxh7 Kd5 45. Rd7+ Nd6 46. h4 Ke6 47. Rd8 Nf7 48. Rc8 Kd5 49. h5 1-0


[Site "https://www.chess.com"]

[Event "Titled Tuesday Blitz June 28 Early 2022"]
[White "Bolanos, Fernando"]
[Black "Mendez Fortes, Eduardo Jesus"]
[WhiteFideId "3304094"]
[BlackFideId "3502376"]
[WhiteElo "2048"]
[BlackElo "2321"]
[Result "0-1"]
[Round "11"]
[TimeControl "180+1"]
[Date "2022.06.28"]
[WhiteClock "0:00:10"]
[BlackClock "0:01:57"]

1. e4 e5 2. Nf3 Nc6 3. Bb5 Nf6 4. O-O Nxe4 5. d4 Nd6 6. dxe5 Nxb5 7. a4 Nbd4 8. Nxd4 d5 9. Nxc6 bxc6 10. Nc3 Be7 11. f4 Bf5 12. g4 Bc5+ 13. Kg2 Bc8 14. Ne2 Bxg4 15. Qd3 g6 16. Ng3 h5 17. f5 h4 18. fxg6 hxg3 19. gxf7+ Kf8 20. Rf6 gxh2 21. Bh6+ Rxh6 22. Rxh6 Qg5 23. Rg6 Qh5 24. Rg8+ Kxf7 25. Rxa8 Bf5 26. Qg3 Be4+ 27. Qf3+ Qxf3+ 0-1


[Site "https://www.chess.com"]

[Event "Titled Tuesday Blitz June 28 Early 2022"]
[White "Bommini, Mounika Akshaya"]
[Black "Soham Kamotra"]
[WhiteFideId "25019872"]
[BlackFideId "46647490"]
[WhiteElo "1680"]
[BlackElo "2082"]
[Result "0-1"]
[Round "11"]
[TimeControl "180+1"]
[Date "2022.06.28"]
[WhiteClock "0:00:07"]
[BlackClock "0:00:29"]

1. d4 Nf6 2. c4 g6 3. Nc3 d5 4. cxd5 Nxd5 5. Bd2 Bg7 6. e4 Nxc3 7. Bxc3 O-O 8. h4 c5 9. d5 Bxc3+ 10. bxc3 Qd6 11. Nf3 Bg4 12. Be2 Nd7 13. Qd2 f5 14. exf5 Rxf5 15. c4 Bxf3 16. gxf3 Qe5 17. Rb1 b6 18. Kd1 Nf6 19. Re1 Qd6 20. Kc1 Rf4 21. Qe3 Rxh4 22. Bf1 Re8 23. Rb2 Rd4 24. Bd3 e6 25. Bxg6 hxg6 26. Rg1 Kg7 27. Kb1 Qf4 28. Qe2 exd5 29. Qc2 g5 30. cxd5 Rxd5 31. Rb3 Qf5 32. Qxf5 Rxf5 33. Rd3 Re7 0-1


[Site "https://www.chess.com"]

[Event "Titled Tuesday Blitz June 28 Early 2022"]
[White "Carrasco Miranda, Andres"]
[Black "Vlassov, Nikolai"]
[WhiteFideId "3405990"]
[BlackFideId "4103360"]
[WhiteElo "2177"]
[BlackElo "2407"]
[Result "0-1"]
[Round "11"]
[TimeControl "180+1"]
[Date "2022.06.28"]
[WhiteClock "0:00:01"]
[BlackClock "0:01:07"]

1. d4 Nf6 2. c4 Nc6 3. Nf3 e6 4. g3 Bb4+ 5. Nbd2 a5 6. Bg2 d6 7. O-O e5 8. dxe5 dxe5 9. a3 Bc5 10. Qc2 O-O 11. Ne4 Nxe4 12. Qxe4 Qe7 13. Be3 Bxe3 14. Qxe3 Bg4 15. Rfd1 Rfd8 16. h3 Bh5 17. Rac1 a4 18. Rd5 f6 19. Rb5 Na5 20. Nh4 c6 21. Rb4 Nb3 22. Re1 Nd4 23. g4 Nc2 24. Qg3 Bg6 25. Rc1 Nxb4 26. axb4 Qxb4 27. g5 Qxb2 28. Rf1 f5 29. Nxg6 hxg6 30. h4 a3 31. h5 a2 32. hxg6 a1=Q 33. Qh4 e4 34. Qh7+ Kf8 35. Qh8+ Ke7 36. Qh2 Qaa3 37. Qc7+ Rd7 38. Qh2 Qd6 0-1


[Site "https://www.chess.com"]

[Event "Titled Tuesday Blitz June 28 Early 2022"]
[White "Cherniaiev, Tykhon"]
[Black "Jones, Gawain C B"]
[WhiteFideId "14182360"]
[BlackFideId "409561"]
[WhiteElo "2289"]
[BlackElo "2657"]
[Result "0-1"]
[Round "11"]
[TimeControl "180+1"]
[Date "2022.06.28"]
[WhiteClock "0:00:06"]
[BlackClock "0:01:04"]

1. Nf3 g6 2. g3 Bg7 3. Bg2 e5 4. e4 d5 5. exd5 e4 6. Qe2 Qe7 7. Ng1 Nf6 8. Nc3 O-O 9. d3 Bg4 10. f3 exf3 11. Nxf3 Qxe2+ 12. Nxe2 Nxd5 13. O-O Nb4 14. Bf4 N8c6 15. c3 Nxd3 16. Bxc7 Nxb2 17. Ned4 Nc4 18. Nxc6 bxc6 19. Nd4 Ne3 20. Rfe1 Nxg2 21. Kxg2 c5 22. Nc6 Bxc3 23. Ne7+ Kg7 24. Be5+ Bxe5 25. Rxe5 Rfe8 26. Rae1 Kf8 27. Nc6 Rxe5 28. Rxe5 Re8 29. Rxc5 Rc8 30. Rc2 Bf5 31. Rc4 Rxc6 32. Rxc6 Be4+ 33. Kh3 Bxc6 34. Kh4 f6 35. g4 g5+ 36. Kh5 Kg7 37. h4 Be8# 0-1


[Site "https://www.chess.com"]